 Dungeon Crawl Stone Soup version 0.26-a0-651-gb41185065b (webtiles) character file.

Game seed: 13067798013812357766

2639 Arthanis the Cleaver (level 9, -4/87 HPs)
             Began as a Gargoyle Berserker on Oct 31, 2020.
             Was a High Priest of Trog.
             Splashed by a jelly's acid (10 damage)
             ... on level 7 of the Dungeon.
             The game lasted 00:11:05 (6402 turns).

Arthanis the Cleaver (Gargoyle Berserker)           Turns: 6402, Time: 00:11:06

Health: -4/87      AC:  1    Str: 21    XL:     9   Next: 61%
Magic:  9/9        EV:  7    Int: 11    God:    Trog [*****.]
Gold:   468        SH:  0    Dex:  9    Spells: 8/8 levels left

rFire    . . .     SeeInvis +   b - +0 hand axe
rCold    . . .     Faith    .   (no shield)
rNeg     + . .     Spirit   .   h - +0 plate armour
rPois    ∞         Reflect  .   (no helmet)
rElec    +         Harm     .   (no cloak)
rCorr    .         Rampage  .   N - +0 pair of gloves
MR       +....                  (no boots)
Stlth    ..........             g - amulet of the acrobat
HPRegen  0.24/turn              p - ring of see invisible
MPRegen  0.11/turn              k - ring of protection from magic

@: berserking, corroded, very quick
A: negative energy resistance 1, electricity resistance, unbreathing,
petrification resistance, rot immunity, AC +6
a: Berserk, Trog's Hand, Brothers in Arms, Renounce Religion


You were on level 7 of the Dungeon.
You worshipped Trog.
Trog was extremely pleased with you.
You visited 1 branch of the dungeon, and saw 7 of its levels.
You also visited: Sewer and Ossuary.

You collected 468 gold pieces.

Inventory:

Hand Weapons
 a - a +3 spear of venom
 b - a +0 hand axe (weapon)
 E - a +0 trident
 F - a +1 dire flail of protection
Missiles
 G - a throwing net (quivered)
Armour
 h - a +0 plate armour (worn)
 L - a +0 animal skin
 N - a +0 pair of gloves (worn)
 O - +0 pearl dragon scales
Jewellery
 g - an amulet of the acrobat (around neck)
 k - a ring of protection from magic (right hand)
 p - a ring of see invisible (left hand)
 v - a +6 ring of intelligence
 J - an uncursed amulet of guardian spirit {unknown}
Wands
 H - a wand of flame (17)
Scrolls
 f - 2 scrolls of fog
 i - 4 scrolls of remove curse
 l - 3 scrolls of magic mapping {unknown}
 o - 3 scrolls of teleportation
 s - 2 scrolls of enchant armour {unknown}
 t - 5 scrolls of blinking
 u - 2 scrolls of amnesia
 w - a scroll of enchant weapon {unknown}
 y - 2 scrolls of fear
 C - a scroll of immolation {unknown}
 K - a scroll of vulnerability {unknown}
 M - a scroll of torment {unknown}
Potions
 c - 2 potions of might {unknown}
 d - a potion of flight {unknown}
 e - a potion of cancellation {unknown}
 j - a potion of haste {unknown}
 m - a potion of heal wounds {unknown}
 n - 2 potions of mutation {unknown}
 q - 2 potions of brilliance {unknown}
 r - 2 potions of ambrosia {unknown}
 x - 6 potions of curing {unknown}
 z - 3 potions of stabbing {unknown}
 A - 4 potions of lignification {unknown}
 B - a potion of degeneration {unknown}
 D - a potion of magic {unknown}
 I - a potion of invisibility {unknown}


   Skills:
 + Level 7.7 Fighting
 * Level 8.7 Axes
 + Level 7.3 Armour
 - Level 2.0 Dodging


You had 8 spell levels left.
You didn't know any spells.
Your spell library was empty.

Dungeon Overview and Level Annotations

Branches:
Dungeon (7/15)             Temple (0/1) D:4           Sewer (visited)
Ossuary (visited)

Altars:
Ashenzari
Dithmenos
Elyvilon
Fedhas
Gozag
Hepliaklqana
Makhleb
Nemelex Xobeh
Okawaru
Qazlal
Sif Muna
Trog
Vehumet

Shops:
D:6 (


Innate Abilities, Weirdness & Mutations

You are resistant to torment.
Your stone body is resilient. (AC +6)
You are immune to poison.
You resist negative energy. (rN+)
You are resistant to electric shocks. (rElec)
You can survive without breathing.
You are immune to petrification.
You are immune to rotting.


Message History

The jelly is heavily wounded.
The jelly completely misses you.
You hit the jelly.
Your hands burn!
The jelly is severely wounded.
The jelly hits you.
You are splashed with acid!
You are too injured to fight recklessly!
You hit the jelly but do no damage.
Your hands burn!
The jelly is severely wounded.
The jelly hits you.
* * * LOW HITPOINT WARNING * * *
You are splashed with acid!
* * * LOW HITPOINT WARNING * * *
You hit the jelly but do no damage.
Your hands burn!
* * * LOW HITPOINT WARNING * * *
The jelly is severely wounded.
A red film seems to cover your vision as you go berserk!
You feel yourself moving faster!
You feel mighty! The jelly hits you.
* * * LOW HITPOINT WARNING * * *
You are splashed with acid!
You die...

#. #......#
##.#######......#
#####..>.....))#.####
)...........#..).#
............<####
#..........##
###..........##
.......J.....(#
.......@.....(#
.##........(#.)<.#
............####..#
.##........$.# ...#
#.....)....# .##
#...(.(........ #
#..........##..
#............ ..
............... .


You could see a jelly.

Vanquished Creatures
  Menkaure (D:5)
  Edmund (D:5)
  An orc warrior (D:7)
  3 sky beasts (D:5)
  A phantom (D:5)
  2 ogres
  3 centaurs
  An elf zombie (Ossuary)
  A gnoll sergeant (D:6)
  2 bullfrogs
  3 scorpions
  3 wights (D:6)
  2 centaur zombies
  A human zombie (Ossuary)
  2 orc wizards
  2 gnoll shamans (D:6)
  5 hounds
  A centaur skeleton (D:6)
  2 bullfrog skeletons
  2 iguanas (D:4)
  5 worker ants
  2 big kobold zombies (Ossuary)
  A hound skeleton (D:5)
  2 mummies (Ossuary)
  A worker ant zombie (D:3)
  10 adders
  15 gnolls
  A white imp (D:5)
  An adder skeleton (D:4)
  An adder zombie (Ossuary)
  A worm (D:4)
  2 dart slugs
  5 leopard geckos
  10 orcs
  8 giant cockroaches
  6 goblins
  9 hobgoblins
  11 jackals
  2 quokkas
  2 ball pythons (Sewer)
  8 bats
  7 frilled lizards
  3 goblin zombies (Ossuary)
  10 hobgoblin zombies (Ossuary)
  2 jackal zombies (Ossuary)
  18 kobolds
  7 kobold zombies (Ossuary)
  A leopard gecko zombie (D:5)
  8 orc zombies (Ossuary)
  10 rats
  A rat zombie (Ossuary)
209 creatures vanquished.

Vanquished Creatures (others)
  11 plants (Sewer)
11 creatures vanquished.

Grand Total: 220 creatures vanquished

Notes
Turn   | Place    | Note
-------+----------+-------------------------------------------
     0 | D:1      | Arthanis the Gargoyle Berserker began the quest for the
                  | Orb.
     0 | D:1      | Reached XP level 1. HP: 14/14 MP: 1/1
   185 | D:1      | Reached XP level 2. HP: 19/19 MP: 2/2
   311 | D:1      | Reached skill level 3 in Axes
   623 | D:1      | Reached XP level 3. HP: 20/23 MP: 3/3
   683 | D:1      | Reached ** piety under Trog
  1290 | D:2      | Found a shadowy altar of Dithmenos.
  1446 | D:2      | Reached XP level 4. HP: 29/29 MP: 4/4
  2063 | D:2      | Reached XP level 5. HP: 33/33 MP: 5/5
  2096 | D:3      | Reached *** piety under Trog
  2183 | D:3      | Found a blossoming altar of Fedhas.
  2317 | D:3      | Found a bloodstained altar of Trog.
  2422 | D:3      | Reached skill level 4 in Axes
  2812 | D:4      | Found a stormy altar of Qazlal.
  2880 | D:4      | Reached XP level 6. HP: 36/39 MP: 6/6
  2886 | D:4      | Found an iron altar of Okawaru.
  2896 | D:4      | Found a radiant altar of Vehumet.
  2905 | D:4      | Found a staircase to the Ecumenical Temple.
  2959 | D:4      | Reached skill level 5 in Axes
  3013 | D:4      | Reached skill level 5 in Fighting
  3097 | D:4      | Found a shimmering blue altar of Sif Muna.
  3199 | D:4      | Found a glowing drain.
  3214 | Sewer    | Entered a sewer
  3235 | Sewer    | Reached XP level 7. HP: 44/44 MP: 7/7
  3588 | Sewer    | Reached **** piety under Trog
  4232 | D:5      | Entered Level 5 of the Dungeon
  4348 | D:5      | Noticed Edmund
  4373 | D:5      | Killed Edmund
  4373 | D:5      | Reached skill level 6 in Axes
  4373 | D:5      | Reached skill level 5 in Armour
  4418 | D:5      | Reached XP level 8. HP: 50/51 MP: 8/8
  4596 | D:5      | Noticed Menkaure
  4605 | D:5      | Killed Menkaure
  4606 | D:5      | Reached skill level 7 in Axes
  4707 | D:5      | Found a sand-covered staircase.
  4712 | Ossuary  | Entered an ossuary
  5242 | D:5      | Found a white marble altar of Elyvilon.
  5336 | D:4      | Found a hazy altar of Hepliaklqana.
  5336 | D:4      | Found an opulent altar of Gozag.
  5381 | D:6      | Reached ***** piety under Trog
  5381 | D:6      | Reached XP level 9. HP: 49/56 MP: 9/9
  5424 | D:6      | Found a sparkling altar of Nemelex Xobeh.
  5624 | D:6      | Found Xuxiuruc's Antique Weapon Shop.
  5631 | D:6      | Reached skill level 8 in Axes
  5847 | D:6      | Found a broken altar of Ashenzari.
  5847 | D:6      | Found a burning altar of Makhleb.
  6402 | D:7      | Splashed by a jelly's acid

Illustrated notes

Levels and vault maps discovered:
D:1:      psy_arrival_conway, layout_basic
D:2:      layout_loops_ring, grunt_dithmenos_smoke_and_mirrors
D:3:      layout_basic, lemuel_round_altar, bloody_trog, minivault_5
D:4:      layout_cave_pools, nicolae_overflow_hidden_temple,
          lemuel_doored_altar, nicolae_qazlal_general_emergency,
          vehumet_crystals, temple_fountains, gup_sewer_entry_pipe
D:5:      layout_cave_pools, lemuel_coloured_pillars_altar,
          nicolae_ossuary_entry_plus, uniq_menkaure, uniq_edmund
D:6:      layout_cave_pools, gammafunk_temple_overflow_pools, serial_gnoll_camp,
          gnoll_camp_mini_shop, gnoll_camp_mini_hut, gnoll_camp_mini_hut,
          gnoll_camp_mini_hut, gnoll_camp_medium_01,
          hangedman_decor_clover_reticule, small_statue_intersection,
          nemelex_xobeh_ov_fountains_minmay
D:7:      lemuel_insect_pit, layout_rooms

Skill      XL: |  1  2  3  4  5  6  7  8  9 |
---------------+----------------------------+-----
Axes           | 3 4 5 6 7 8 |  8.7
Dodging        | 2 |  2.0
Armour         | 3 4 5 6 7 |  7.3
Fighting       | 4 5 6 7 |  7.7

Action                   |  1- 3 |  4- 6 |  7- 9 || total
-------------------------+-------+-------+-------++-------
Melee: Hand axe          |   155 |   231 |   589 ||   975
       Spear             |       |       |    19 ||    19
Invok: Berserk           |       |     1 |     7 ||     8
       Trog's Hand       |       |       |     2 ||     2
  Use: Scroll            |       |     6 |       ||     6
Armor: Animal skin       |    13 |       |       ||    13
       Plate armour      |    85 |   151 |   401 ||   637
       Pearl dragon scal |       |       |    28 ||    28
Dodge: Dodged            |    90 |    86 |   294 ||   470

Table legend: (Time is in decaauts)
 A = Elapsed time spent in this place.
 B = Non-inter-level travel time spent in this place.
 C = Inter-level travel time spent in this place.
 D = Time resting spent in this place.
 E = Time spent auto-exploring this place.
 F = Levels seen in this place.
 G = Mean time per level.
                   A        B        C        D        E       F      G
               +--------+--------+--------+--------+--------+-----+--------+
         Total |   6616 |   6367 |    249 |      0 |   4276 |   9 |  735.1 |
       Dungeon |   5511 |   5262 |    249 |      0 |   3497 |   7 |  787.3 |
         Sewer |    887 |    887 |      0 |      0 |    660 |   1 |  887.0 |
       Ossuary |    217 |    217 |      0 |      0 |    118 |   1 |  217.0 |
               +--------+--------+--------+--------+--------+-----+--------+

Top non-repeatable levels by time:
     D:1: 1209 daAuts
     D:2: 914 daAuts
     D:6: 911 daAuts
     D:5: 907 daAuts
   Sewer: 887 daAuts
     D:4: 719 daAuts
     D:3: 718 daAuts
 Ossuary: 217 daAuts
     D:7: 130 daAuts
